 Dungeon Crawl Stone Soup version 0.16.1-4-g8e1b745 (webtiles) character file.

662806 Zapata the Intangible (level 27, -4/165 (179) HPs)
             Began as a Kobold Berserker on Mar 26, 2015.
             Was the Champion of the Shining One.
             Slain by an azure jelly (5 damage)
             ... created by the royal jelly
             ... on level 6 of the Pits of Slime on Mar 27, 2015.
             The game lasted 03:52:05 (83011 turns).

Zapata the Intangible (Kobold Berserker)           Turns: 83011, Time: 03:52:06

HP:   -4/165 (179)  AC:  1    Str: 18    XL:     27
MP:   0/42          EV: 43    Int:  3    God:    the Shining One [******]
Gold: 7214          SH: 12    Dex: 32    Spells: 0 memorised, 26 levels left

rFire  . . .     SeeInvis .     i - +9 eveningstar (elec)
rCold  + + +     Rnd*Rage +     r - +9 ice dragon armour
rNeg   + + +     SustAb   .     K - +3 buckler {rF+}
rPois  .         Gourm    .     U - +2 hat {Spirit}
rElec  +         Spirit   +     z - +0 cloak of Starlight {rElec rC+ EV+4 Stlth-}
rCorr  .         Warding  .     B - +2 pair of gloves "Togh" {rF+ Str+2 Dex+4}
rMut   +         Stasis   .     E - +1 pair of boots of Fortitude {rC- MP+9 Dex+2 Slay+2}
MR     ++...                    d - amulet of resist mutation
Stlth  ..........               p - ring "Carygeop" {Ice +Blink rElec}
                                x - +6 ring of protection

@: corroded equipment, very slightly contaminated, hasted, lost intelligence,
glowing, very slow, very resistant to hostile enchantments, extremely unstealthy
A: slimy green scales 1, berserk 2, blurry vision 1, carnivore 3, deformed body,
dopey 1, frail 1, low mp 1, sense surroundings 1, regeneration 1, shaggy fur 1,
weak 1, MP-powered wands 1
a: Divine Shield, Cleansing Flame, Summon Divine Warrior, Renounce Religion,
Evoke Blink
}: 5/15 runes: decaying, silver, obsidian, abyssal, gossamer


You were on level 6 of the Pits of Slime.
You worshipped the Shining One.
The Shining One was exalted by your worship.
You were not hungry.

You visited 13 branches of the dungeon, and saw 68 of its levels.
You visited the Abyss 3 times.
You also visited: Trove, Bailey and Ice Cave.

You collected 10203 gold pieces.
You spent 2989 gold pieces at shops.

Inventory:

Hand weapons
 a - a +9 sacred scourge of holy wrath
 b - a +9 hand crossbow of flaming
 i - a +9 eveningstar of electrocution (weapon)
Missiles
 u - 887 bolts
 v - 99 silver bolts
 A - 99 bolts of penetration
 I - 45 steel bolts
Armour
 m - a +2 pair of boots of flying
 r - a +9 ice dragon armour (worn)
 z - the +0 cloak of Starlight (worn) {rElec rC+ EV+4 Stlth-}
   (You found it on level 1 of the Elven Halls)

   It affects your evasion (+4).
   It protects you from cold.
   It insulates you from electricity.
   It makes you less stealthy.
 B - the +2 pair of gloves "Togh" (worn) {rF+ Str+2 Dex+4}
   (You acquired it on level 4 of the Lair of Beasts)

   It affects your strength (+2).
   It affects your dexterity (+4).
   It protects you from fire.
 E - the +1 pair of boots of Fortitude (worn) {rC- MP+9 Dex+2 Slay+2}
   (You found it on level 7 of Gehenna)

   It affects your dexterity (+2).
   It affects your accuracy and damage with ranged weapons and melee attacks
   (+2).
   It makes you vulnerable to cold.
   It affects your magic capacity (+9).
 K - a +3 buckler of fire resistance (worn)
 U - a +2 hat of spirit shield (worn)
Jewellery
 d - an amulet of resist mutation (around neck)
 p - the ring "Carygeop" (right hand) {Ice +Blink rElec}
   (You found it on level 7 of Gehenna)

   [ring of ice]

   It enhances your ice magic, and weakens your fire magic.
   It makes you vulnerable to fire.
   It protects you from cold.
   It insulates you from electricity.
   It lets you blink.
 s - the amulet "Pnimp" {rCorr Contam rF+ Dex+6}
   (You found it on level 7 of Gehenna)

   [amulet of resist corrosion]

   It protects you from acid and corrosion.
   It affects your dexterity (+6).
   It protects you from fire.
   It causes magical contamination when unequipped.
 x - a +6 ring of protection (left hand)
 P - the amulet "Puurefoa" {Ward rN+ MP-9 Str+3 Slay+5}
   (You took it off a deep elf annihilator on level 3 of the Elven Halls)

   [amulet of warding]

   It may prevent the melee attacks of summoned creatures.
   It affects your strength (+3).
   It affects your accuracy and damage with ranged weapons and melee attacks
   (+5).
   It protects you from negative energy.
   It affects your magic capacity (-9).
 X - the ring "Tragyurgh" {rElec rPois rF+ rN+ MP+9 Int-4}
   (You took it off a deep elf death mage on level 3 of the Elven Halls)

   [ring of poison resistance]

   It affects your intelligence (-4).
   It protects you from fire.
   It insulates you from electricity.
   It protects you from poison.
   It protects you from negative energy.
   It affects your magic capacity (+9).
Magical devices
 J - a wand of heal wounds (6)
Scrolls
 e - 13 scrolls of identify
 j - 2 scrolls of blinking
 k - 7 scrolls of fear
 n - 11 scrolls of fog
 C - a scroll of recharging
 G - 8 scrolls of magic mapping
 Q - 13 scrolls of remove curse
 T - 13 scrolls of teleportation
Potions
 f - 4 potions of might
 g - 7 potions of resistance
 h - 2 potions of haste
 w - 12 potions of restore abilities
 D - 16 potions of curing
 F - 6 potions of agility
 M - 6 potions of cancellation
 O - a potion of berserk rage
 Z - 3 potions of magic
Comestibles
 c - 8 meat rations
 W - 8 beef jerkies


   Skills:
 O Level 27 Fighting
 - Level 16.0 Maces & Flails
 - Level 8.1 Crossbows
 + Level 21.0 Armour
 O Level 27 Dodging
 - Level 7.1 Shields
 - Level 12.1 Invocations


You had 26 spell levels left.
You didn't know any spells.

Dungeon Overview and Level Annotations

Branches:
Dungeon (15/15)            Temple (1/1) D:5            Lair (8/8) D:9
  Swamp (5/5) Lair:4       Spider (5/5) Lair:4        Slime (6/6) Lair:7
    Orc (4/4) D:10            Elf (3/3) Orc:4        Vaults (5/5) D:13
  Crypt (3/3) Vaults:2       Tomb (0/3) Crypt:3      Depths (5/5) D:15
   Hell (1/1)                 Dis (0/7) Hell            Geh (7/7) Hell
    Coc (0/7) Hell            Zot (0/5) Depths:5
    Tar: Hell:1

Altars:
Ashenzari
Cheibriados
Dithmenos
Elyvilon
Fedhas
Gozag
Kikubaaqudgha
Makhleb
Nemelex Xobeh
Okawaru
Qazlal
Ru
Sif Muna
Trog
Vehumet
Xom
Yredelemnul
Zin
The Shining One
Beogh
Jiyva

Shops:
D:6 !   D:9 *   D:13 :(   Orc:1 [   Orc:4 ?[(:[=*}   Vaults:3 (*(   Depths:1 }

Portals:
Hell: Depths:1 Depths:2 Depths:3 Depths:4 Depths:5
Abyss: Depths:4
Pandemonium: Depths:3 Depths:4
Ziggurat: Depths:5

Annotations:
Slime:6 Royal Jelly
Geh:7 Vidiiot's ghost, legendary NaBe


Innate Abilities, Weirdness & Mutations

You are small and have problems with some larger weapons.
You are carnivorous and can eat meat at any time.
You are partially covered in slimy green scales (AC +2).
You often lose your temper in combat.
Scrolls take you a little longer to read.
Armour fits poorly on your strangely shaped body.
You are dopey. (Int -2)
You are frail (-10% HP).
Your magical capacity is low (-10% MP).
You passively map a small area around you.
Your natural rate of healing is unusually fast.
You are covered in fur (AC +1).
You are weak. (Str -2)
You expend magic power (3 MP) to slightly strengthen your wands.


Message History

The large slime creature completely misses you.
The slime creature barely misses you.
Drink which item? (? for menu, Esc to quit)
Okay, then.
Read which item? (? for menu, Esc to quit)
Okay, then.
Use which ability? (? or * to list)
You don't have enough magic at the moment.
Read which item? (? for menu, Esc to quit)
You almost manage to decipher the scroll, but fail in this attempt.
The acid blob hits you!
* * * LOW HITPOINT WARNING * * *
You are splashed with acid!
The acid corrodes your equipment!
The acid burns!
* * * LOW HITPOINT WARNING * * *
The death ooze completely misses you. The death ooze barely misses you.
The slime creature completely misses you.
You block the death ooze's attack. x2
You block the azure jelly's attack. x2
The azure jelly closely misses you. The azure jelly hits you.
You die...

,*###
###................
#...#..................,
, #...##...............
, *
#####................. *
,* ##................,
*##................, ,
#.......A........ *
#......JJJ........
......JJ@JJ....... ,
.......JJJ....... *
...............
..............# ,
..............# ,
............. ,
........... * ,
........., , ..., ,*


You could see the royal jelly, an acid blob, an azure jelly, a large slime
creature, 3 slime creatures, 2 death oozes, a jelly and a friendly daeva.

Vanquished Creatures
  Asmodeus (Geh:7)
  Mara (twice) (Swamp:4)
  An ancient lich (Vaults:5)
  the Lernaean hydra (Swamp:5)
  Saint Roka (Depths:4)
  A curse toe (Crypt:3)
  Geryon (Hell)
  4 golden dragons
  A profane servitor (Crypt:3)
  18 Brimstone Fiends
  Nikola (Swamp:4)
  3 tentacled monstrosities
  5 liches
  2 quicksilver dragons
  3 titans
  7 tentacled starspawn
  Asterion (Elf:1)
  4 deep elf blademasters
  2 deep elf master archers (Elf:3)
  6 acid blobs
  7 sphinxes
  2 eldritch tentacles
  2 octopode crushers (Depths:1)
  Rupert (Lair:4)
  Agnes (Spider:3)
  Kirke (Swamp:4)
  5 shadow dragons
  Frances (Elf:2)
  11 ancient champions
  Roxanne (Swamp:5)
  A revenant (Crypt:3)
  12 tengu reavers
  7 storm dragons
  2 azure jellies
  10 frost giants
  6 ghost moths
  21 fire giants
  Maud (D:15)
  An orc warlord (Vaults:4)
  2 draconian zealots (Depths:5)
  Aizul (Elf:2)
  Louise (Swamp:4)
  10 vault wardens
  A draconian knight (Depths:5)
  An iron dragon (Vaults:5)
  3 curse skulls
  8 deep elf sorcerers
  A cacodemon (Abyss:3)
  3 war gargoyles
  10 emperor scorpions
  Gastronok (D:10)
  10 ironheart preservers
  16 balrugs
  6 ghouls
  5 spriggan defenders
  8 reapers
  31 stone giants
  A green draconian (Depths:5)
  8 deep elf demonologists (Elf:3)
  The ghost of 4thArraOfDagon the Corrupter of Planes, a powerful HOAK of Lugonu (D:14)
  14 very ugly things
  2 salamander firebrands
  3 white draconians
  A red draconian (Depths:5)
  3 vampire knights
  10 deep elf annihilators
  3 dire elephants
  14 ettins
  A yellow draconian (Depths:5)
  A mottled draconian (Depths:5)
  A green death (Hell)
  13 deep elf death magi
  Snorg (Swamp:4)
  3 blizzard demons
  7 eidola
  A death ooze (Slime:2)
  29 vault guards
  6 fire dragons
  6 deep elf high priests
  18 yaktaur captains
  9 great orbs of eyes
  Josephine (Spider:1)
  8 ice dragons
  4 jiangshi
  A kraken zombie (Hell)
  9 centaur warriors
  A ghost crab (Swamp:4)
  3 quicksilver dragon skeletons
  15 hydras
  A monstrous demonspawn (Depths:4)
  12 rakshasas
  A catoblepas (Lair:8)
  4 hell beasts (Hell)
  11 alligators
  15 death yaks
  8 spriggan air magi
  A spectral fire giant (Crypt:2)
  15 dancing weapons
  10 deep troll earth magi
  A death knight (Crypt:2)
  11 ogre magi
  2 titan zombies
  12 deep troll shamans
  12 thrashing horrors
  2 orc high priests
  Urug (D:10)
  2 tengu warriors (Depths:3)
  3 iron golems
  6 vampire magi
  10 soul eaters
  A spriggan rider (Swamp:5)
  2 titan skeletons (Geh:4)
  7 spriggan berserkers
  20 sun demons
  29 hell hogs
  2 fire crabs
  A wretched star (Abyss:3)
  6 shadow wraiths
  38 skeletal warriors
  5 iron trolls
  15 hell knights
  8 ice devils
  3 anaconda zombies
  2 golden dragon zombies
  24 deep elf knights
  2 spriggan druids (Swamp:5)
  A quicksilver dragon simulacrum (Crypt:1)
  A swamp dragon (shapeshifter) (Elf:3)
  2 storm dragon skeletons
  A death drake (Abyss:3)
  14 ironbrand convokers
  A shadow dragon zombie (Geh:5)
  10 flayed ghosts
  15 swamp dragons
  8 deep elf summoners
  An ice statue (IceCv)
  2 shambling mangroves
  An anaconda skeleton (Geh:6)
  20 hill giants
  An obsidian statue (Depths:2)
  Pikel (D:4)
  15 orc knights
  37 deep trolls
  A golden dragon skeleton (Geh:5)
  3 wolf spider zombies
  An unseen horror (shapeshifter) (Vaults:3)
  3 manticores
  4 iron dragon zombies
  11 orc sorcerers
  5 harpies
  10 necromancers
  3 shadow dragon skeletons
  17 orb spiders
  6 cyclopes
  A tengu skeleton (Depths:4)
  9 phantasmal warriors
  3 wizards
  6 griffons
  A sphinx zombie (Crypt:3)
  10 deep elf conjurers
  2 frost giant zombies
  2 fire giant zombies (Geh:7)
  41 wolf spiders
  2 shining eyes
  7 hornets
  5 worldbinders
  3 stone giant zombies
  19 elephants
  2 sixfirhies
  3 salamanders (Depths:3)
  4 moths of wrath
  4 stone giant skeletons
  A fire giant skeleton (Geh:4)
  Maurice (D:10)
  88 ugly things
  3 frost giant skeletons
  2 dire elephant zombies
  A toenail golem (Abyss:3)
  5 black mambas
  A shock serpent skeleton (Geh:4)
  3 molten gargoyles (Geh:7)
  A guardian serpent (shapeshifter) (Depths:1)
  A spiny frog (shapeshifter) (Vaults:3)
  23 vault sentinels
  A gargoyle (D:11)
  2 torpor snails (shapeshifter) (Depths:5)
  A torpor snail (Depths:1)
  4 tormentors
  2 emperor scorpion zombies
  12 rust devils
  A death yak zombie (D:15)
  Psyche (D:10)
  An elf skeleton (Depths:4)
  7 komodo dragons
  18 spiny frogs
  18 demonic crawlers
  A red draconian zombie (Crypt:2)
  A komodo dragon (shapeshifter) (Vaults:1)
  10 hellions
  An anaconda simulacrum (Hell)
  5 hellwings
  6 smoke demons
  An alligator snapping turtle skeleton (Crypt:1)
  A dire elephant skeleton (Geh:2)
  5 orange demons
  A guardian mummy (D:15)
  6 fire drakes
  25 yaktaurs
  5 hydra zombies
  14 red devils
  3 ancient zymes
  6 efreet
  32 polar bears
  12 trolls
  2 tengu conjurers
  A harpy zombie (Geh:5)
  A merfolk (shapeshifter) (Elf:2)
  A ghoul skeleton (Crypt:3)
  A fire vortex (Geh:4)
  12 deep elf priests
  10 blue devils
  A two-headed ogre (shapeshifter) (Vaults:4)
  6 baby alligators
  10 freezing wraiths
  38 jumping spiders
  3 silent spectres
  3 raiju (Abyss:2)
  A wandering mushroom (Crypt:3)
  A golden dragon simulacrum (Abyss:3)
  A minotaur skeleton (Crypt:2)
  25 two-headed ogres
  11 giant leeches
  72 slime creatures
  26 blink frogs
  6 bog bodies
  10 boulder beetles
  A hydra skeleton (Geh:7)
  2 ettin zombies
  14 ravens
  18 flying skulls
  5 basilisks
  2 fire dragon zombies
  An ice dragon zombie (Geh:4)
  33 trapdoor spiders
  18 vampires
  2 deep troll zombies (Depths:4)
  2 basilisks (shapeshifter)
  2 centaur simulacra
  A black mamba zombie (Abyss:2)
  3 ettin skeletons (Geh:7)
  40 redbacks
  4 ynoxinuls (Abyss:3)
  2 fire dragon skeletons
  6 shadows
  19 tarantellas
  7 water elementals
  6 air elementals
  3 ice dragon skeletons
  24 yaks
  2 elf zombies
  2 redbacks (shapeshifter)
  16 spriggans
  A wolf (shapeshifter) (Abyss:3)
  4 wyverns
  3 alligator skeletons
  18 wraiths
  2 hungry ghosts
  3 neqoxecs
  A yak (shapeshifter) (D:13)
  30 deep elf magi
  5 chaos spawn
  18 large abominations
  34 deep elf fighters
  8 fire elementals
  26 vampire mosquitoes
  15 small abominations
  5 golden eyes
  5 hogs (Swamp:4)
  A merfolk zombie (Crypt:2)
  17 insubstantial wisps
  9 wargs
  A mottled dragon (Vaults:2)
  9 hippogriffs
  A naga (shapeshifter) (Depths:3)
  31 swamp worms
  A human zombie (Depths:4)
  A baby alligator zombie (Crypt:3)
  12 wolves
  55 orc warriors
  23 spiders
  6 porcupines
  2 spiny frog zombies
  An elf simulacrum (Depths:4)
  23 hell hounds
  2 ice beasts
  3 phantoms
  6 eyes of draining
  12 black bears
  A manticore zombie (Geh:7)
  4 sky beasts
  An alligator simulacrum (Crypt:3)
  18 centaurs
  17 wasps
  An ettin simulacrum (Hell)
  3 snapping turtle zombies
  17 swamp drakes
  2 wasps (shapeshifter)
  15 water moccasins
  A lindwurm zombie (Crypt:3)
  5 necrophages
  A lindwurm skeleton (Crypt:1)
  3 snapping turtle skeletons
  5 boggarts
  2 manticore skeletons
  2 swamp dragon skeletons
  3 boring beetles
  64 ogres
  Sigmund (D:3)
  15 crocodiles
  4 brain worms (Spider:3)
  2 big kobolds
  Blork the orc (D:9)
  An octopode zombie (Crypt:3)
  19 giant frogs
  13 scorpions
  A queen bee zombie (Crypt:3)
  A boulder beetle zombie (Crypt:2)
  A raiju zombie (Crypt:3)
  34 wights
  23 killer bees
  6 electric eels
  A spriggan skeleton (Geh:4)
  19 crimson imps
  3 goliath beetles
  A giant frog zombie (D:9)
  20 starcursed masses
  14 hounds
  14 jellies
  6 iguanas
  2 quasits
  42 orc priests
  2 giant frog skeletons
  6 iron imps
  5 centaur skeletons
  5 hell rats
  A gnoll shaman (D:5)
  33 orc wizards
  Natasha (thrice) (D:3)
  A naga zombie (Geh:7)
  39 sheep
  A tengu zombie (Geh:7)
  A troll simulacrum (Hell)
  8 worker ants
  A felid skeleton (Crypt:2)
  2 naga skeletons
  A hound skeleton (D:4)
  A hound zombie (D:6)
  A mummy (D:11)
  2 worker ant zombies
  Robin (D:3)
  17 gnolls
  26 adders
  4 orc zombies
  7 shadow imps
  3 white imps
  A giant mite (Lair:4)
  36 river rats
  5 worms
  3 ufetubi (Abyss:3)
  An iguana zombie (Crypt:1)
  An adder zombie (D:6)
  A halfling zombie (Crypt:2)
  An ooze (D:5)
  204 orcs
  A ball python (D:7)
  A bat skeleton (D:6)
  8 giant cockroaches
  24 goblins
  16 hobgoblins
  5 jackals (D:6)
  17 bats
  4 giant geckos
  2 giant gecko skeletons
  5 giant newts
  A giant spore (D:10)
  A gnoll skeleton (Crypt:3)
  A jackal skeleton (D:4)
  2 jackal zombies
  41 kobolds
  A kobold zombie (D:9)
  An orc skeleton (Geh:7)
  13 quokkas
  2 quokka skeletons
  12 rats
  2 ballistomycetes (D:15)
  3 butterflies (Geh:7)
  2 crawling corpses
  2 fungi
  7 starspawn tentacles
3309 creatures vanquished.

Vanquished Creatures (collateral kills)
  An acid blob (Slime:6)
  2 ancient champions (Crypt:3)
  A tengu reaver (Vaults:5)
  A frost giant (Vaults:5)
  A vault warden (Vaults:5)
  An emperor scorpion (Spider:5)
  A ghoul (Crypt:3)
  An orc warlord (Orc:4)
  A vampire knight (Crypt:3)
  A deep elf annihilator (Vaults:5)
  A deep elf death mage (Vaults:5)
  A jiangshi (Crypt:3)
  Fannar (Lair:8)
  A great orb of eyes (Slime:6)
  A spriggan air mage (Depths:4)
  3 death yaks
  A dancing weapon (Elf:2)
  2 orc high priests (Orc:3)
  A deep troll shaman (Lair:8)
  A soul eater (Depths:4)
  A deep elf knight (Elf:3)
  2 deep trolls
  A giant orange brain (Depths:4)
  A sphinx zombie (D:15)
  A deathcap (Crypt:3)
  A necromancer (D:15)
  An orb spider (Spider:5)
  An ironbrand convoker (Vaults:5)
  An orb spider (shapeshifter) (Vaults:5)
  An orc knight (Vaults:5)
  2 harpies (Vaults:5)
  A cyclops (D:15)
  2 rust devils
  A deep elf priest (Elf:2)
  A troll (Orc:3)
  A queen bee (Lair:4)
  3 polar bears (IceCv)
  An air elemental (Depths:4)
  5 flying skulls (Depths:4)
  2 deep elf fighters
  3 yaks (IceCv)
  A wolf (IceCv)
  2 orc warriors
  A sky beast (D:10)
  3 ogres (Orc:3)
  2 wights (D:10)
  8 killer bees (Lair:4)
  An orc wizard (Orc:4)
  A river rat (D:10)
  4 orcs
80 creatures vanquished.

Vanquished Creatures (others)
  An eldritch tentacle (Geh:7)
  A fire giant (Depths:4)
  2 daevas
  4 angels
  A stone giant (Orc:3)
  A deep elf high priest (Elf:3)
  A deep troll earth mage (Depths:4)
  A storm dragon skeleton (Hell)
  2 golden dragon skeletons (Geh:7)
  A deep troll (Orc:4)
  A fire giant skeleton (Geh:6)
  A wandering mushroom (Crypt:3)
  A troll (Orc:4)
  2 spriggan zombies
  2 flying skulls (Depths:4)
  A trapdoor spider (Spider:5)
  A dire elephant simulacrum (Hell)
  A human zombie (Depths:4)
  5 insubstantial wisps (Swamp:5)
  A large abomination (Abyss:3)
  A warg (Vaults:5)
  2 orc warriors
  A black bear (shapeshifter) (Vaults:5)
  2 boggarts (Depths:1)
  7 lost souls
  A wight (Geh:7)
  A killer bee (Elf:3)
  An orc priest (Orc:4)
  2 orc wizards (Depths:4)
  A hell rat (Hell)
  3 ufetubi
  3 orcs
  A giant spore (D:15)
  5 ballistomycetes (D:15)
  A bush (Elf:3)
  118 eldritch tentacle segments
  7 fungi
  A plant (Swamp:4)
  9 starspawn tentacles
  203 starspawn tentacle segments
  4 tentacles (Hell)
405 creatures vanquished.

Grand Total: 3794 creatures vanquished

Notes
Turn   | Place    | Note
--------------------------------------------------------------
     0 | D:1      | Zapata, the Kobold Berserker, began the quest for the Orb.
     0 | D:1      | Reached XP level 1. HP: 14/14 MP: 1/1
   332 | D:1      | Reached XP level 2. HP: 12/19 MP: 2/2
   953 | D:1      | Reached skill level 4 in Maces & Flails
   953 | D:1      | Reached XP level 3. HP: 23/23 MP: 3/3
  1064 | D:2      | Acquired Trog's second power
  1081 | D:2      | Reached XP level 4. HP: 28/28 MP: 4/4
  1300 | D:2      | Reached skill level 5 in Maces & Flails
  1447 | D:2      | Found a basalt altar of Yredelemnul.
  1452 | D:2      | Found a shadowy altar of Dithmenos.
  1459 | D:2      | Found an iron altar of Okawaru.
  1471 | D:2      | Found a snail-covered altar of Cheibriados.
  1500 | D:2      | Found a shattered altar of Ashenzari.
  1577 | D:3      | Noticed Natasha
  1577 | D:3      | Noticed Robin
  1583 | D:3      | Killed Natasha
  1583 | D:3      | Reached XP level 5. HP: 32/32 MP: 5/5
  1585 | D:3      | Killed Robin
  1908 | D:3      | Noticed Sigmund
  1918 | D:3      | Killed Sigmund
  1918 | D:3      | Reached skill level 6 in Maces & Flails
  1918 | D:3      | Reached XP level 6. HP: 35/37 MP: 6/6
  2228 | D:3      | Noticed Natasha
  2234 | D:3      | Killed Natasha
  2468 | D:3      | Reached skill level 7 in Maces & Flails
  2631 | D:3      | Noticed Natasha
  2640 | D:3      | Killed Natasha
  2687 | D:3      | Reached XP level 7. HP: 33/41 MP: 7/7
  2689 | D:3      | Acquired Trog's third power
  3010 | D:4      | Noticed Pikel
  3037 | D:4      | Killed Pikel
  3037 | D:4      | Reached skill level 9 in Maces & Flails
  3037 | D:4      | Reached XP level 8. HP: 42/46 MP: 8/8
  3385 | D:4      | Found a deep blue altar of Sif Muna.
  3423 | D:5      | Entered Level 5 of the Dungeon
  3427 | D:5      | Reached skill level 10 in Maces & Flails
  3498 | D:5      | Reached XP level 9. HP: 42/51 MP: 9/9
  3863 | D:5      | Found a staircase to the Ecumenical Temple.
  4005 | D:5      | Reached skill level 11 in Maces & Flails
  4382 | D:6      | Found Wankix's Distillery.
  4556 | D:6      | Bought a potion of haste for 140 gold pieces
  4556 | D:6      | Bought 2 potions of curing for 84 gold pieces
  4556 | D:6      | Bought a potion of heal wounds for 70 gold pieces
  5123 | D:6      | Received a gift from Trog
  5425 | D:6      | Reached skill level 12 in Maces & Flails
  6954 | D:7      | Found a shimmering altar of Xom.
  7180 | D:8      | Found a sparkling altar of Nemelex Xobeh.
  7193 | D:8      | Reached XP level 10. HP: 49/56 MP: 10/10
  7207 | D:8      | Reached skill level 13 in Maces & Flails
  8287 | D:9      | Found Wearr's Assorted Antiques.
  8316 | D:9      | Bought a fizzy blue potion for 24 gold pieces
  8316 | D:9      | Bought a scroll labeled PHUTEU SHRUTU for 27 gold pieces
  8316 | D:9      | Bought a cyan potion for 24 gold pieces
  8316 | D:9      | Bought a scroll labeled YHIPLO GIGHEIN for 27 gold pieces
  8316 | D:9      | Bought a fabulously ornate robe for 153 gold pieces
  8326 | D:9      | Identified the cursed -4 robe "Qytwaxovo" {rElec rN+ Int+2} (You bought it in a shop on level 9 of the Dungeon)
  8392 | D:9      | Bought a scroll of identify for 54 gold pieces
  8621 | D:9      | Noticed Blork the orc
  8630 | D:9      | Killed Blork the orc
  8649 | D:9      | Reached skill level 14 in Maces & Flails
  8662 | D:9      | Received a gift from Trog
  8901 | D:9      | Bought a scroll of remove curse for 81 gold pieces
  9256 | D:10     | Entered Level 10 of the Dungeon
  9314 | D:10     | Found a basalt altar of Yredelemnul.
  9361 | D:10     | Reached skill level 5 in Armour
  9545 | D:10     | Reached XP level 11. HP: 60/60 MP: 11/11
  9632 | D:10     | Found a staircase to the Orcish Mines.
  9695 | D:10     | Noticed Psyche
  9716 | D:10     | Killed Psyche
  9979 | D:10     | Noticed Maurice
 10045 | D:10     | Noticed a hill giant
 10054 | D:10     | Killed a hill giant
 10054 | D:10     | Reached skill level 5 in Fighting
 10054 | D:10     | Reached skill level 5 in Dodging
 10250 | D:10     | Noticed Gastronok
 10251 | D:10     | Noticed Urug
 10267 | D:10     | Killed Urug
 10273 | D:10     | Killed Gastronok
 10317 | D:10     | Killed Maurice
 11399 | D:11     | Noticed a hill giant
 11408 | D:11     | Killed a hill giant
 11506 | D:11     | Noticed a hill giant
 11522 | D:11     | Killed a hill giant
 11570 | D:11     | Reached XP level 12. HP: 55/73 MP: 12/12
 11797 | D:11     | Found a portal to a secret trove of treasure.
 11815 | D:11     | Got a shimmering whip
 11816 | D:11     | Identified the +8 whip of Unpleasantness {slash, rN+} (You found it on level 11 of the Dungeon)
 12918 | D:9      | Found a staircase to the Lair.
 12965 | D:9      | You fall through a shaft for 3 floors!
 13075 | Lair:1   | Entered Level 1 of the Lair of Beasts
 14139 | D:9      | Found a burning altar of Makhleb.
 14146 | D:9      | Found a glowing silver altar of Zin.
 14146 | D:9      | Noticed an angel
 14147 | D:9      | Noticed an Executioner
 14235 | D:9      | Found a white marble altar of Elyvilon.
 15172 | Lair:3   | Reached skill level 10 in Dodging
 15235 | Lair:3   | Received a gift from Trog
 15377 | Lair:3   | Found a frozen archway.
 15383 | IceCv    | Entered an ice cave
 15879 | IceCv    | Reached skill level 15 in Maces & Flails
 16121 | IceCv    | Reached XP level 13. HP: 80/80 MP: 4/13
 16303 | IceCv    | Noticed a white draconian
 16321 | IceCv    | Killed a white draconian
 16756 | Lair:3   | Reached skill level 16 in Maces & Flails
 17112 | Lair:3   | Reached skill level 10 in Fighting
 17763 | Lair:4   | Noticed Rupert
 17784 | Lair:4   | Killed Rupert
 18055 | Lair:4   | Got a colourful robe
 18066 | Lair:4   | Identified the +1 robe of Xionoshro {rElec rC- rN+ Regen+} (You found it on level 4 of the Lair of Beasts)
 18253 | Lair:4   | Reached skill level 1 in Crossbows
 18332 | Lair:4   | Identified 2 scrolls of acquirement
 18340 | Lair:4   | Found a staircase to the Swamp.
 18489 | Lair:4   | Got a pair of faintly humming gloves
 18500 | Lair:4   | Identified the +2 pair of gloves "Togh" {rF+ Str+2 Dex+4} (You acquired it on level 4 of the Lair of Beasts)
 18523 | Lair:4   | Found a hole to the Spider Nest.
 18811 | Lair:4   | Received a gift from Trog
 18816 | Lair:4   | Reached skill level 5 in Crossbows
 18844 | Lair:4   | Received a gift from Trog
 20142 | Lair:6   | Reached XP level 14. HP: 66/88 MP: 3/14
 20795 | Lair:6   | Received a gift from Trog
 22114 | Lair:7   | Received a gift from Trog
 22343 | Lair:7   | Found a viscous altar of Jiyva.
 22344 | Lair:7   | Found a staircase to the Slime Pits.
 22483 | Lair:8   | Entered Level 8 of the Lair of Beasts
 22895 | Lair:8   | Received a gift from Trog
 23475 | Lair:8   | Reached XP level 15. HP: 58/98 MP: 2/15
 23698 | Lair:8   | Noticed Fannar
 23711 | Lair:8   | Killed Fannar
 24332 | Orc:1    | Entered Level 1 of the Orcish Mines
 24332 | Orc:1    | Found Letainaz's Armour Boutique.
 24335 | Orc:1    | Received a gift from Trog
 24402 | Orc:1    | Bought a quicksilver dragon armour for 720 gold pieces
 24871 | Orc:2    | Received a gift from Trog
 25048 | Orc:2    | Received a gift from Trog
 25684 | Orc:3    | Found a roughly hewn altar of Beogh.
 26157 | Orc:4    | Entered Level 4 of the Orcish Mines
 26161 | Orc:4    | Received a gift from Trog
 26508 | Orc:4    | Found Jephac's Gadget Shoppe.
 26527 | Orc:4    | Found a roughly hewn altar of Beogh.
 26547 | Orc:4    | Found Ebinka's General Store.
 26621 | Orc:4    | Found a roughly hewn altar of Beogh.
 26673 | Orc:4    | Found Oluzuf's Book Emporium.
 26677 | Orc:4    | Found a roughly hewn altar of Beogh.
 26679 | Orc:4    | Received a gift from Trog
 26688 | Orc:4    | Found a staircase to the Elven Halls.
 26715 | Orc:4    | Found Cehezamp's Magic Scroll Shop.
 26741 | Orc:4    | Bought a scroll of magic mapping for 56 gold pieces
 26741 | Orc:4    | Bought a scroll of identify for 32 gold pieces
 26741 | Orc:4    | Bought a scroll of identify for 32 gold pieces
 26743 | Orc:4    | Bought a scroll of identify for 32 gold pieces
 26743 | Orc:4    | Bought a scroll of identify for 32 gold pieces
 26833 | Orc:4    | Found a roughly hewn altar of Beogh.
 26846 | Orc:4    | Received a gift from Trog
 26850 | Orc:4    | Paralysed by an orc sorcerer for 7 turns
 26874 | Orc:4    | Found Maul's Armour Boutique.
 27000 | Orc:4    | Noticed an orc warlord
 27011 | Orc:4    | Killed an orc warlord
 27030 | Orc:4    | Reached skill level 15 in Dodging
 27075 | Orc:4    | Found a roughly hewn altar of Beogh.
 27075 | Orc:4    | Found Laesapni's Antique Armour Emporium.
 27085 | Orc:4    | Found Esiufink's Antique Weapon Shoppe.
 27107 | Orc:4    | Bought a pair of glowing boots for 117 gold pieces
 27162 | Orc:4    | Received a gift from Trog
 27278 | Orc:4    | Found a roughly hewn altar of Beogh.
 27303 | Orc:4    | Found Pli Liugg's Jewellery Boutique.
 27400 | Orc:4    | Found a roughly hewn altar of Beogh.
 27547 | Elf:1    | Entered Level 1 of the Elven Halls
 27776 | Elf:1    | Noticed Asterion
 27781 | Elf:1    | Noticed a spectral weapon
 27796 | Elf:1    | Killed Asterion
 27859 | Elf:1    | Got a fine cloak
 27870 | Elf:1    | Identified the +2 cloak "Kaemumut" {rElec rPois MP+9 Str+6 Slay-5} (You found it on level 1 of the Elven Halls)
 28003 | Elf:1    | Received a gift from Trog
 28321 | Elf:1    | Received a gift from Trog
 28457 | Elf:1    | Reached skill level 5 in Shields
 28457 | Elf:1    | Reached XP level 16. HP: 81/107 MP: 5/16
 29270 | Elf:2    | Noticed Frances
 29283 | Elf:2    | Killed Frances
 29319 | Elf:2    | Received a gift from Trog
 29614 | Elf:2    | Found a runed gate.
 29621 | Elf:2    | Found a runed gate.
 29622 | Elf:2    | Found a runed gate.
 29653 | Elf:2    | Received a gift from Trog
 29823 | Elf:2    | Reached skill level 15 in Fighting
 30840 | Elf:2    | Received a gift from Trog
 30853 | Elf:2    | Noticed Aizul
 30873 | Elf:2    | Killed Aizul
 31027 | Elf:3    | Entered Level 3 of the Elven Halls
 31113 | Elf:3    | Reached XP level 17. HP: 114/114 MP: 5/17
 31644 | Orc:4    | Bought an uncursed amulet of resist mutation for 640 gold pieces
 31827 | Lair:2   | Gained mutation: You have large cloven feet. [potion of beneficial mutation]
 31833 | Lair:2   | Gained mutation: You passively map a small area around you. [potion of beneficial mutation]
 31834 | Lair:2   | Gained mutation: You are covered in fur (AC +1). [potion of beneficial mutation]
 32024 | D:13     | Found Xibavutit's Book Shoppe.
 32074 | D:13     | Found Neojos' Antique Weapon Shop.
 32169 | D:13     | Found a gate to the Vaults.
 32357 | D:13     | Reached skill level 17 in Dodging
 32780 | D:14     | Found a flagged portal.
 32796 | Bailey   | Entered a bailey
 32877 | Bailey   | Received a gift from Trog
 32979 | Bailey   | Received a gift from Trog
 33066 | D:14     | Noticed 4thArraOfDagon's ghost (powerful HOAK)
 33077 | D:14     | Killed 4thArraOfDagon's ghost
 33157 | D:14     | Received a gift from Trog
 33165 | D:14     | Found a stormy altar of Qazlal.
 33392 | D:14     | Received a gift from Trog
 33798 | D:15     | Entered Level 15 of the Dungeon
 33819 | D:15     | Received a gift from Trog
 33903 | D:15     | Noticed Maud
 33914 | D:15     | Killed Maud
 33980 | D:15     | Found a staircase to the Depths.
 34363 | D:15     | Found a white marble altar of Elyvilon.
 34988 | Orc:4    | Bought a runed leather armour for 52 gold pieces
 34988 | Orc:4    | Bought a runed leather armour for 52 gold pieces
 35283 | Orc:2    | Reached skill level 18 in Dodging
 35438 | Spider:1 | Entered Level 1 of the Spider Nest
 35529 | Spider:1 | Noticed Josephine
 35539 | Spider:1 | Killed Josephine
 36322 | Spider:1 | Received a gift from Trog
 36340 | Spider:1 | Got a jewelled flail {god gift}
 36539 | Spider:1 | Got a slimy chain mail
 36697 | Spider:1 | Identified the cursed -3 chain mail of Dim Light {rF- rN++} (You found it on level 1 of the Spider Nest)
 36697 | Spider:1 | Identified the +7 flail of Summer {elec, Int+6} (Trog gifted it to you on level 1 of the Spider Nest)
 37155 | Spider:2 | Reached XP level 18. HP: 120/124 MP: 6/18
 37700 | Spider:3 | Noticed Agnes
 37711 | Spider:3 | Killed Agnes
 38115 | Spider:3 | Received a gift from Trog
 38510 | Spider:3 | Reached skill level 19 in Dodging
 39154 | Spider:4 | Received a gift from Trog
 40449 | Spider:5 | Entered Level 5 of the Spider Nest
 40500 | Spider:5 | Received a gift from Trog
 41317 | Spider:5 | Reached skill level 20 in Dodging
 41364 | Spider:5 | Reached XP level 19. HP: 132/132 MP: 18/18
 41476 | Spider:5 | Received a gift from Trog
 41548 | Spider:5 | Received a gift from Trog
 41565 | Spider:5 | Got a gossamer rune of Zot
 42501 | Swamp:1  | Entered Level 1 of the Swamp
 42751 | Swamp:2  | Received a gift from Trog
 43816 | Swamp:3  | Reached skill level 21 in Dodging
 44108 | Swamp:3  | Received a gift from Trog
 44466 | Swamp:4  | Noticed Snorg
 44479 | Swamp:4  | Killed Snorg
 44739 | Swamp:4  | Noticed Mara
 44749 | Swamp:4  | Noticed Zapata's illusion
 44760 | Swamp:4  | Killed Mara
 44763 | Swamp:4  | Noticed Zapata's illusion
 44770 | Swamp:4  | Killed Mara
 44841 | Swamp:4  | Noticed Nikola
 44853 | Swamp:4  | Killed Nikola
 44853 | Swamp:4  | Reached XP level 20. HP: 115/140 MP: 19/19
 44971 | Swamp:4  | Noticed Louise
 44989 | Swamp:4  | Killed Louise
 45015 | Swamp:4  | Noticed Kirke
 45027 | Swamp:4  | Killed Kirke
 45390 | Swamp:1  | Received a gift from Trog
 45881 | Swamp:5  | Entered Level 5 of the Swamp
 45941 | Swamp:5  | Noticed Roxanne
 45967 | Swamp:5  | Killed Roxanne
 46618 | Swamp:5  | Noticed the 27-headed Lernaean hydra
 46682 | Swamp:5  | Killed the 27-headed Lernaean hydra
 46682 | Swamp:5  | Reached skill level 22 in Dodging
 47435 | Swamp:5  | Got a decaying rune of Zot
 47460 | Swamp:5  | Got a twisted flail
 47461 | Swamp:5  | Identified the cursed +2 flail of Unuwk {crush, +Blink rPois MR+ Int+3 Dex-5} (You found it on level 5 of the Swamp)
 47479 | Swamp:5  | Received a gift from Trog
 48167 | Vaults:1 | Entered Level 1 of the Vaults
 48409 | Vaults:1 | Received a gift from Trog
 48655 | Vaults:1 | Received a gift from Trog
 48797 | Vaults:1 | Reached XP level 21. HP: 149/149 MP: 20/20
 48809 | Vaults:1 | Received a gift from Trog
 49301 | Vaults:2 | Received a gift from Trog
 49338 | Vaults:2 | Received a gift from Trog
 49597 | Vaults:2 | Reached skill level 23 in Dodging
 50120 | Vaults:2 | Received a gift from Trog
 50176 | Vaults:2 | Received a gift from Trog
 50477 | Vaults:2 | Found a staircase to the Crypt.
 50477 | Vaults:2 | Found a basalt altar of Yredelemnul.
 50480 | Vaults:2 | Found an ancient bone altar of Kikubaaqudgha.
 50950 | Temple   | Entered the Ecumenical Temple
 50996 | Temple   | Fell from the grace of Trog
 50996 | Temple   | Became a worshipper of the Shining One
 51449 | Crypt:1  | Entered Level 1 of the Crypt
 51502 | Crypt:1  | Reached skill level 1 in Invocations
 51529 | Crypt:1  | Acquired the Shining One's first power
 51858 | Crypt:1  | Got a warped iron ring
 51925 | Crypt:1  | Identified the ring "Ocuox" {+cTele Dex+3} (You found it on level 1 of the Crypt)
 51931 | Crypt:1  | Got a twitching zirconium amulet
 51934 | Crypt:1  | Identified the amulet "Elakihust" {rPois Regen+ Int+5 Dex-4} (You acquired it on level 1 of the Crypt)
 51987 | Crypt:1  | Acquired the Shining One's second power
 52450 | Crypt:2  | Reached skill level 5 in Invocations
 52853 | Crypt:2  | Acquired the Shining One's third power
 53067 | Crypt:2  | Acquired the Shining One's fourth power
 53439 | Crypt:2  | Reached XP level 22. HP: 156/156 MP: 30/31
 54401 | Crypt:3  | Entered Level 3 of the Crypt
 54846 | Crypt:3  | Reached skill level 10 in Invocations
 55021 | Crypt:3  | Noticed a curse toe
 55046 | Crypt:3  | Found a basalt altar of Yredelemnul.
 55046 | Crypt:3  | Found an ancient bone altar of Kikubaaqudgha.
 57235 | Temple   | Identified a +7 sacred scourge of holy wrath (a +5 demon whip of flaming blessed by the Shining One)
 57674 | Crypt:3  | Killed a curse toe
 57800 | Crypt:3  | The Shining One protects you from harm!
 58900 | Crypt:3  | Got a crystal arbalest
 59101 | Crypt:3  | Found a staircase to the Tomb.
 59644 | D:9      | Was forgiven by Trog
 59864 | Elf:3    | Noticed a deep elf blademaster
 59874 | Elf:3    | Killed a deep elf blademaster
 59874 | Elf:3    | Reached skill level 24 in Dodging
 59994 | Elf:3    | Reached XP level 23. HP: 157/157 MP: 35/35
 60106 | Elf:3    | Cast into the Abyss (a deep elf sorcerer)
 60260 | Abyss:1  | Gained mutation: Your natural rate of healing is unusually fast. [potion of beneficial mutation]
 60665 | Abyss:2  | Paralysed by accursed screaming for 1 turns
 61121 | Abyss:3  | Found a corrupted altar of Lugonu.
 61375 | Abyss:3  | Got an abyssal rune of Zot
 61715 | Abyss:3  | Paralysed by accursed screaming for 2 turns
 61732 | Abyss:3  | Paralysed by accursed screaming for 2 turns
 61737 | Abyss:3  | Paralysed by accursed screaming for 1 turns
 61788 | Elf:3    | Escaped the Abyss
 61812 | Elf:3    | Noticed a deep elf blademaster
 61819 | Elf:3    | Reached skill level 25 in Dodging
 61843 | Elf:3    | Killed a deep elf blademaster
 61925 | Elf:3    | Got a twitching platinum amulet
 61980 | Elf:3    | Noticed a deep elf master archer
 61994 | Elf:3    | Killed a deep elf master archer
 61996 | Elf:3    | Got a smoking lead ring
 62013 | Elf:3    | Noticed a deep elf master archer
 62032 | Elf:3    | Killed a deep elf master archer
 62248 | Elf:3    | Reached XP level 24. HP: 139/163 MP: 36/36
 62520 | Lair:2   | Identified the amulet "Puurefoa" {Ward rN+ MP-9 Str+3 Slay+5} (You took it off a deep elf annihilator on level 3 of the Elven Halls)
 62531 | Lair:2   | Identified the ring "Tragyurgh" {rElec rPois rF+ rN+ MP+9 Int-4} (You took it off a deep elf death mage on level 3 of the Elven Halls)
 63775 | Vaults:3 | Found Netylaol's Antique Weapon Emporium.
 63822 | Vaults:3 | Got a pair of translucent gloves
 63833 | Vaults:3 | Identified the +1 pair of gloves of the Iron Devil {MP+9 Int+4 Dex-2} (You found it on level 3 of the Vaults)
 63892 | Vaults:3 | Found Uwoigrui's Assorted Antiques.
 63897 | Vaults:3 | Bought a scroll of recharging for 285 gold pieces
 63897 | Vaults:3 | Bought a sharpened glass wand for 120 gold pieces
 63897 | Vaults:3 | Bought a runed helmet for 135 gold pieces
 64187 | Vaults:3 | Found Acvagig's Antique Weapon Shop.
 64800 | Vaults:4 | Got a flickering lead amulet
 65336 | Lair:2   | Identified the amulet of Darkness {Clar rElec rF- Int+4 Dex+4} (You found it on level 4 of the Vaults)
 66277 | Vaults:4 | Reached skill level 26 in Dodging
 66446 | Vaults:5 | Entered Level 5 of the Vaults
 67075 | Vaults:4 | Reached XP level 25. HP: 151/171 MP: 24/36
 67331 | Vaults:5 | Reached skill level 27 in Dodging
 67922 | Vaults:5 | Noticed an ancient lich
 67930 | Vaults:5 | Killed an ancient lich
 68182 | Vaults:5 | Got a silver rune of Zot
 68414 | Vaults:5 | Got a smoking mace
 68415 | Vaults:5 | Identified the cursed -2 mace of the Ten Beds {speed, Str+3} (You found it on level 5 of the Vaults)
 69213 | Depths:1 | Entered Level 1 of the Depths
 69274 | Depths:1 | Reached XP level 26. HP: 183/183 MP: 37/37
 69580 | Depths:1 | Found Apnoady's Gadget Emporium.
 69611 | Depths:1 | Reached skill level 27 in Fighting
 70009 | Depths:1 | Found a gateway to Hell.
 70070 | Hell     | Entered the Vestibule of Hell
 70070 | Hell     | Noticed Geryon
 70714 | Hell     | Killed Geryon
 71674 | Depths:2 | Reached skill level 10 in Armour
 71947 | Depths:2 | Got a dazzling scale mail
 71958 | Depths:2 | Identified the +1 scale mail of the Hanged Man {-Tele rC+ MR++ Int-4 Dex+3} (You acquired it on level 2 of the Depths)
 71958 | Depths:2 | Lost intelligence.
 73032 | D:11     | You paid a toll of the horn of Geryon to enter a treasure trove
 73033 | Trove    | Entered a treasure trove
 73051 | Trove    | Got a jewelled scale mail
 73079 | D:11     | Identified the cursed -3 scale mail of Fanaiqyt {-Tele rElec rPois rC+ Str+5} (You found it in a treasure trove)
 73366 | Depths:3 | Found a one-way gate leading to the halls of Pandemonium.
 73452 | Depths:3 | Reached XP level 27. HP: 190/190 MP: 37/37
 74950 | Depths:4 | Noticed Saint Roka
 75427 | Depths:4 | Gained mutation: You heal very quickly. [a neqoxec]
 75443 | Depths:4 | Killed Saint Roka
 75509 | Depths:4 | Got a vibrating amber ring
 75511 | Depths:4 | Identified the ring of Miagg {rPois Str+4 Stlth-} (You found it on level 4 of the Depths)
 75655 | Depths:4 | Found a one-way gate to the infinite horrors of the Abyss.
 75759 | Depths:4 | Gained mutation: You are partially covered in slimy green scales (AC +2). [potion of beneficial mutation]
 76200 | Depths:4 | Found a runed door.
 76348 | Depths:5 | Entered Level 5 of the Depths
 76390 | Depths:5 | Reached skill level 15 in Armour
 76545 | Depths:5 | Found a gate to the Realm of Zot.
 76753 | Depths:5 | Found a gateway to a ziggurat.
 76764 | Depths:5 | Paralysed by a great orb of eyes for 2 turns
 78071 | Hell     | Found a gateway to the Iron City of Dis.
 78157 | Hell     | Found a gateway to the freezing wastes of Cocytus.
 78267 | Hell     | Found a gateway to the ashen valley of Gehenna.
 78293 | Geh:1    | Entered Level 1 of Gehenna
 79099 | Geh:7    | Entered Level 7 of Gehenna
 79159 | Geh:7    | Gained mutation: You tend to lose your temper in combat. [mutagenic glow]
 79194 | Geh:7    | Gained mutation: You often lose your temper in combat. [mutagenic glow]
 79323 | Geh:7    | Cast into the Abyss (reaper)
 79395 | Geh:7    | Escaped the Abyss
 80240 | Geh:7    | Gained mutation: Your magical capacity is low (-10% MP). [mutagenic glow]
 80311 | Geh:7    | Noticed Asmodeus
 80344 | Geh:7    | Killed Asmodeus
 80408 | Geh:7    | Got an obsidian rune of Zot
 80535 | Geh:7    | Noticed Vidiiot's ghost (legendary NaBe)
 80716 | Geh:7    | Lost intelligence.
 80716 | Geh:7    | Gained mutation: You are dopey. (Int -2) [mutagenic glow]
 80800 | Geh:7    | Got a pitted bone ring
 80813 | Geh:7    | Got a warped graven amulet
 80831 | Geh:7    | Got a pair of polished boots
 81008 | Geh:7    | Identified the ring "Carygeop" {Ice +Blink rElec} (You found it on level 7 of Gehenna)
 81121 | Geh:7    | Cast into the Abyss (the power of Zot)
 81197 | Geh:7    | Escaped the Abyss
 81727 | Lair:2   | Identified the +1 pair of boots of Fortitude {rC- MP+9 Dex+2 Slay+2} (You found it on level 7 of Gehenna)
 81729 | Lair:2   | Identified the amulet "Pnimp" {rCorr Contam rF+ Dex+6} (You found it on level 7 of Gehenna)
 81755 | Lair:2   | Lost mutation: You have large cloven feet. [potion of cure mutation]
 81755 | Lair:2   | Lost mutation: You are dopey. (Int -2) [potion of cure mutation]
 81755 | Lair:2   | Lost mutation: You heal very quickly. [potion of cure mutation]
 82040 | Slime:1  | Entered Level 1 of the Pits of Slime
 82320 | Slime:4  | Gained mutation: You are frail (-10% HP). [a shining eye]
 82644 | Slime:5  | Lost intelligence.
 82644 | Slime:5  | Gained mutation: You are dopey. (Int -2) [a shining eye]
 82651 | Slime:5  | Gained mutation: Armour fits poorly on your strangely shaped body. [a shining eye]
 82655 | Slime:5  | Gained mutation: You are weak. (Str -2) [a shining eye]
 82658 | Slime:5  | Gained mutation: Scrolls take you a little longer to read. [a shining eye]
 82721 | Slime:6  | Entered Level 6 of the Pits of Slime
 82743 | Slime:6  | Gained mutation: You expend magic power (3 MP) to slightly strengthen your wands. [mutagenic glow]
 82989 | Slime:6  | Noticed the royal jelly
 83009 | Slime:6  | HP: 6/165 [acid (7)]
 83011 | Slime:6  | HP: 1/165 [acid (4)]
 83011 | Slime:6  | Slain by an azure jelly

Action                   |  1- 3 |  4- 6 |  7- 9 | 10-12 | 13-15 | 16-18 | 19-21 | 22-24 | 25-27 || total
-------------------------+-------+-------+-------+-------+-------+-------+-------+-------+-------++-------
Melee: Mace              |    81 |   189 |   203 |   518 |       |       |       |       |       ||   991
       Whip              |       |       |   175 |   225 |       |       |       |       |       ||   400
       Flail             |       |       |    30 |       |       |       |       |       |       ||    30
       Eveningstar       |       |       |       |   140 |  1670 |  1748 |  1975 |   860 |  1337 ||  7730
       Sacred scourge    |       |       |       |       |       |       |       |  1307 |  2013 ||  3320
 Fire: Hand crossbow     |       |       |       |       |       |    11 |     7 |    19 |     1 ||    38
Throw: Stone             |       |       |       |       |     1 |       |       |       |       ||     1
Invok: Berserk           |     3 |     3 |    13 |    22 |    24 |    17 |     9 |       |       ||    91
       Burn Spellbooks   |       |     1 |       |     5 |     4 |     5 |     3 |       |       ||    18
       Brothers in Arms  |       |       |       |     2 |     7 |     3 |     1 |       |       ||    13
       Summon Divine War |       |       |       |       |       |       |       |     4 |     9 ||    13
       Divine Shield     |       |       |       |       |       |       |       |     4 |       ||     4
       Cleansing Flame   |       |       |       |       |       |       |       |     2 |     2 ||     4
 Abil: Evoke Teleport Co |       |       |       |       |       |     2 |       |       |       ||     2
       Stop Flying       |       |       |       |       |       |       |       |     1 |     2 ||     3
       Evoke Flight      |       |       |       |       |       |       |       |       |     3 ||     3
       Evoke Blink       |       |       |       |       |       |       |       |       |     2 ||     2
Evoke: Wand              |       |       |       |       |       |       |       |       |    24 ||    24
  Use: Scroll            |       |     4 |     4 |    13 |    17 |    12 |     8 |    22 |    23 ||   103
       Potion            |       |       |     2 |     1 |       |     6 |       |    10 |    23 ||    42
 Stab: Sleeping          |       |       |     4 |     1 |       |       |       |       |       ||     5
       Fleeing           |       |       |       |     1 |     1 |       |       |       |       ||     2
       Distracted        |       |       |       |     1 |       |       |       |       |       ||     1
       Confused          |       |       |       |       |       |       |     2 |       |       ||     2
  Eat: Chunk             |     3 |    13 |    15 |    44 |    52 |    21 |    24 |    29 |    36 ||   237
       Meat ration       |       |       |     1 |     2 |     1 |     6 |     5 |     3 |     5 ||    23
       Beef jerky        |       |       |     1 |       |       |       |       |       |       ||     1
       Pizza             |       |       |       |     1 |       |       |       |       |       ||     1
